 Dungeon Crawl Stone Soup version 0.27-a0-1202-ge72e49191c (webtiles) character file.

Game seed: 16743084042767094622

14 reriks the Covered (level 2, 27/27 HPs)
             Began as a Deep Dwarf Fighter on June 2, 2021.
             Was a Follower of Vehumet.
             Quit the game on level 1 of the Dungeon.
             The game lasted 00:00:21 (774 turns).

reriks the Covered (Deep Dwarf Fighter)              Turns: 774, Time: 00:00:21

Health: 27/27      AC:  6    Str: 19    XL:     2   Next: 31%
Magic:  2/2        EV:  7    Int:  8    God:    Vehumet [*.....]
Gold:   38         SH:  9    Dex: 12    Spells: 1/1 levels left

rFire    . . .     SeeInvis .   a - +0 war axe
rCold    . . .     Faith    .   c - +0 kite shield
rNeg     . . .     Spirit   .   b - +0 scale mail
rPois    .         Reflect  .   (no helmet)
rElec    .         Harm     .   (no cloak)
rCorr    .         Rampage  .   (no gloves)
Will     .....                  (no boots)
Stlth    ..........             (no amulet)
HPRegen  0.00/turn              (no ring)
MPRegen  0.08/turn              (no ring)

@: no status effects
A: damage resistance, heal wounds, sense surroundings 1, no regeneration
a: Heal Wounds, Renounce Religion


You were on level 1 of the Dungeon.
You worshipped Vehumet.
Vehumet was aware of your devotion.
You visited 1 branch of the dungeon, and saw 1 of its levels.

You collected 38 gold pieces.

Inventory:

Hand Weapons
 a - a +0 war axe (weapon)
Armour
 b - a +0 scale mail (worn)
 c - a +0 kite shield (worn)
Jewellery
 e - a +6 ring of dexterity
 i - a ring of protection from fire
Scrolls
 f - a scroll of magic mapping {unknown}
 g - a scroll of fog {unknown}
 h - 2 scrolls of identify {unknown}
Potions
 d - a potion of might


   Skills:
 + Level 2.9 Fighting
 + Level 2.5 Axes
 + Level 3.5 Armour
 + Level 3.5 Shields


You had one spell level left.
You didn't know any spells.
Your spell library was empty.

Dungeon Overview and Level Annotations

Branches:
Dungeon (1/15)

Altars:
Vehumet


Innate Abilities, Weirdness & Mutations

You are resistant to damage.
You can heal yourself by infusing magical energy.
You passively map a small area around you.
You do not regenerate.


Message History

No target in view!
No target in view!
No target in view!
You see here 21 bolts.
Key pressed, stopping explore.
No target in view!
No target in view!
No target in view!
No target in view!
No target in view!
No target in view!
No target in view!
No target in view!
No target in view!
Done exploring.
No target in view!
No target in view!
No target in view!
Done exploring.
No target in view!
No target in view!
No target in view!
Done exploring.
No target in view!
No target in view!
No target in view!
Done exploring.
No target in view!
No target in view!
No target in view!
Search for what [? for help]? altar You see here a +0 club.
There is a shaft here.
There is a faded altar of an unknown god here.
You cannot tell which god this altar belongs to.
Convert to them anyway?
Vehumet accepts your prayer! Vehumet welcomes you!
You can now gain magical power from killing.
Vehumet offers you knowledge of Foxfire.
Are you sure you want to abandon this character and quit the game? (Confirm with "yes".)

.#..#.....#......#.#######
#.#
.#..#.....#......#.......#
#.#
.#..#.....###'####..####.#
#.# .#..#....[.....# #..#
#.# #.# .#..'.....###..#
#..# #.# #.# .#..#.....#
##.# #..# #.######.#
.#..#.....# #.# #..#
#........#
.##.#####.####.###..#
#.######## .....#
#.......#@#..# #.# ######
#..####.#^#..# ### # #..#
#.#.#..# # #..# #.#....# #
#..# #.#.#.## # #####..#
#.#.#.# #
#......####.#...###
####.................#
.........#####.##..#.####


There were no monsters in sight!

Vanquished Creatures
  4 bats (D:1)
  A goblin (D:1)
  2 hobgoblins (D:1)
  A quokka (D:1)
  A frilled lizard (D:1)
  2 kobolds (D:1)
  2 rats (D:1)
13 creatures vanquished.

Notes
Turn   | Place    | Note
-------+----------+-------------------------------------------
     0 | D:1      | reriks the Deep Dwarf Fighter began the quest for the Orb.
     0 | D:1      | Reached XP level 1. HP: 20/20 MP: 1/1
   190 | D:1      | Reached XP level 2. HP: 27/27 MP: 2/2
   265 | D:1      | Found a faded altar of an unknown god.
   773 | D:1      | Became a worshipper of Vehumet
   773 | D:1      | Reached * piety under Vehumet
   773 | D:1      | Offered knowledge of Foxfire by Vehumet.
   774 | D:1      | Quit the game

Illustrated notes

Levels and vault maps discovered:
D:1:      lightli_arrival_isolated_outpost, layout_basic,
          hellmonk_ecumenical_altar_leap_of_faith, kennysheep_crisscross

Action                   || total
-------------------------++-------
Melee: War axe           ||    45
Armor: Scale mail        ||    20
Dodge: Dodged            ||    19
Block: Kite shield       ||    32

Table legend: (Time is in decaauts)
 A = Elapsed time spent in this place.
 B = Non-inter-level travel time spent in this place.
 C = Inter-level travel time spent in this place.
 D = Time resting spent in this place.
 E = Time spent auto-exploring this place.
 F = Levels seen in this place.
 G = Mean time per level.
                   A        B        C        D        E       F      G
               +--------+--------+--------+--------+--------+-----+--------+
         Total |    808 |    753 |     55 |      0 |    639 |   1 |  808.0 |
       Dungeon |    808 |    753 |     55 |      0 |    639 |   1 |  808.0 |
               +--------+--------+--------+--------+--------+-----+--------+

Top non-repeatable levels by time:
     D:1: 808 daAuts
